 Dungeon Crawl Stone Soup version 0.31.0-11-ge490571c62 (webtiles) character file.

Game seed: 6135947015571721611

396 hikkokomori the Shield-Bearer (level 7, -4/55 HPs)
             Began as a Formicid Fighter on Jan 31, 2024.
             Was a Follower of Wu Jian.
             Killed from afar by Natasha (5 damage)
             ... with a magic dart
             ... on level 4 of the Dungeon.
             The game lasted 00:04:51 (2563 turns).

hikkokomori the Shield-Bearer (Formicid Fighter)    Turns: 2563, Time: 00:04:52

Health: -4/55      AC:  7    Str: 23    XL:     7   Next: 9%
Magic:  3/3        EV:  9    Int:  7    God:    Wu Jian [*.....]
Gold:   96         SH:  5    Dex: 13    Spells: 8/10 levels left

rFire   + + .        o - +5 dagger of the Little People {antimagic, *Rage rF+ rN+}
rCold   + . .        c - +0 buckler
rNeg    + . .        b - +0 scale mail
rPois   +            (helmet unavailable)
rElec   +            (no cloak)
rCorr   +            (no gloves)
SInv    +            (no boots)
Will    .....        (no amulet) Stlth
                     (no ring)
HPRegen 0.29/turn    (no ring)
MPRegen 0.08/turn

%: no passive effects
@: resistant
A: permanent stasis, dig shafts and tunnels, antennae 3, four strong arms,
hooves 1, poison resistance
a: Dig, Shaft Self, Renounce Religion


You were on level 4 of the Dungeon.
You worshipped Wu Jian.
Wu Jian was aware of your devotion.
You visited 1 branch of the dungeon, and saw 4 of its levels.

You collected 96 gold pieces.

Inventory:

Hand Weapons
 a - a +0 quarterstaff
 m - a +2 dagger of protection
 o - the +5 dagger of the Little People (weapon) {antimagic, *Rage rF+ rN+}
   (You took it off a kobold on level 2 of the Dungeon)

   rF+:       It protects you from fire.
   rN+:       It protects you from negative energy.
   *Rage:     It berserks you when you make melee attacks (+20% chance).
Armour
 b - a +0 scale mail (worn)
 c - a +0 buckler (worn)
Magical Staves
 k - a staff of earth
Scrolls
 e - a scroll of enchant weapon {unknown}
 f - a scroll of enchant armour {unknown}
 g - a scroll of butterflies {unknown}
 h - 3 scrolls of identify {unknown}
 l - a scroll of poison {unknown}
 q - a scroll of vulnerability {unknown}
 r - 3 scrolls of teleportation {unknown}
Potions
 d - a potion of might
 i - 2 potions of mutation
 j - 2 potions of attraction
 n - a potion of haste {unknown}
 p - 2 potions of cancellation
 s - a potion of resistance
 t - 2 potions of degeneration {unknown}
 u - a potion of enlightenment {unknown}


   Skills:
 + Level 4.7 Fighting
 - Level 0.1 Short Blades
 - Level 2.8 Staves
 + Level 4.7 Armour
 + Level 5.8 Shields
 + Level 2.1 Spellcasting
 + Level 2.5 Hexes


You had 8 spell levels left.
You knew the following spells:

 Your Spells              Type           Power      Damage    Failure   Level
a - Ensorcelled Hibernat  Hex/Ice        4%         N/A       69%         2

Your spell library contained the following spells:

 Spells                   Type           Power      Damage    Failure   Level
 Slow                     Hex            16%        N/A       36%         1
 Freeze                   Ice            0%         1d3       73%         1
 Confusing Touch          Hex            4%         N/A       75%         3
 Sigil of Binding         Hex            4%         N/A       75%         3
 Scorch                   Fire           0%         2d5       86%         2
 Dazzling Flash           Conj/Hex       4%         N/A       89%         3
 Frozen Ramparts          Ice            0%         1d1       97%         3
 Hailstorm                Conj/Ice       0%         3d5       97%         3
 Passwall                 Erth           0%         N/A       97%         3
 Vampiric Draining        Necr           0%         2d6       97%         3
 Volatile Blastmotes      Fire/Tloc      0%         2d10      97%         3
 Flame Wave               Conj/Fire      0%         2d4       100%        4
 Starburst                Conj/Fire      0%         6d3       100%        6
 Summon Cactus Giant      Summ           0%         N/A       100%        6
 Maxwell's Capacitive Co  Air            0%         ∞         100%        8
 Swiftness                Air            Unusable   N/A       N/A         3

Dungeon Overview and Level Annotations

Branches:
Dungeon (4/15)
 Temple: D:4-7

Altars:
Hepliaklqana
Wu Jian

Annotations:
D:4 Natasha


Innate Abilities, Weirdness & Mutations

You cannot be hasted, slowed, berserked, paralysed or teleported.
You can dig through walls and to a lower floor.
You have a pair of large antennae on your head. (SInv)
Your four strong arms can wield two-handed weapons with a shield.
You have large cloven feet.
Your system is resistant to poisons. (rPois)


Message History

Unknown command.
You spin and attack the iguana.
You hit the iguana but do no damage.
Natasha mumbles some strange words.
The iguana bites you.
The cerulean imp hits you but does no damage.
You see here 2 fizzy red potions.
Unknown command.
You spin and attack the iguana.
You hit the iguana.
The iguana is lightly wounded.
The iguana bites you!
The cerulean imp hits you from afar with a +1 spear.
Unknown command.
The iguana attacks as it pursues you! The iguana bites you!
* * * LOW HITPOINT WARNING * * *
It was a potion of attraction.
You feel attractive to monsters.
The cerulean imp hits you but does no damage.
The iguana bites you!
* * * LOW HITPOINT WARNING * * *
The cerulean imp is attracted toward you.
Natasha is attracted toward you.
It was a potion of mutation.
You feel extremely strange.
You feel resistant to poisons.
Your feet thicken and deform.
The cerulean imp hits you but does no damage.
You block the cerulean imp's attack. The iguana closely misses you.
Natasha is attracted toward you.
It was a potion of cancellation.
Your magical effects are unravelling.
You feel magically purged. You block the cerulean imp's attack.
Natasha falters for a moment.
The cerulean imp hits you from afar with a +1 spear.
* * * LOW HITPOINT WARNING * * *
The iguana bites you but does no damage.
You feel less attractive to monsters.
It was a potion of resistance.
You feel protected.
Natasha stares at you and mumbles some strange words.
The magic dart hits you.
You die...
Natasha begins licking her fur clean.

.#....=.. ..........### .
............ ##.# ........#..#
....# ..........##.##.....
........#..!...#
#..........5...###### # ..
.........l5§.........# . ....
#..#.####@h.##....##.#
.##.#.##..#..# #....#.##....
..........##.###.##...##..#
#..........#.....##.......#
##.....#.....#..###.#...#
........^...............########
......####.....#####............
##..........####..[.)...##......
......#######......#....# #....


You could see an iguana, Natasha (magic disrupted) and 2 cerulean imps.

Vanquished Creatures
  A phantom (D:3)
  A wight (D:4)
  A bombardier beetle (D:3)
  A hound (D:4)
  Natasha (D:4)
  An iguana (D:4)
  Robin (D:2)
  6 adders
  An adder skeleton (D:4)
  2 dart slugs
  4 orcs (D:3)
  8 endoplasms
  3 giant cockroaches
  14 goblins
  7 hobgoblins
  3 jackals (D:1)
  5 kobolds
  4 quokkas
  6 ball pythons
  3 bats
  A frilled lizard (D:3)
  5 rats
79 creatures vanquished.

Notes
Turn   | Place    | Note
-------+----------+-------------------------------------------
     0 | D:1      | hikkokomori the Formicid Fighter began the quest for the
                  | Orb.
     0 | D:1      | Reached XP level 1. HP: 18/18 MP: 1/1
    91 | D:1      | Reached XP level 2. HP: 17/24 MP: 2/2
   472 | D:2      | Reached XP level 3. HP: 29/29 MP: 3/3
   615 | D:2      | Noticed Robin
   644 | D:2      | Killed Robin
   645 | D:2      | Reached XP level 4. HP: 22/37 MP: 4/4
   961 | D:2      | Identified the +5 dagger of the Little People {antimagic,
                  | *Rage rF+ rN+}
  1113 | D:2      | Learned a level 2 spell: Ensorcelled Hibernation
  1194 | D:2      | Identified the +3 pair of gloves "Fuyrr" {rPois Will+}
  1308 | D:3      | Reached XP level 5. HP: 36/42 MP: 1/5
  1482 | D:3      | Reached skill level 5 in Shields
  1532 | D:3      | Found a hazy altar of Hepliaklqana.
  1681 | D:3      | Reached skill level 1 in Spellcasting
  1681 | D:3      | Reached skill level 1 in Hexes
  1946 | D:3      | Found a faded altar of an unknown god.
  2188 | D:3      | Prayed at the altar of an unknown god.
  2188 | D:3      | Became a worshipper of the Wu Jian Council
  2188 | D:3      | Reached * piety under Wu Jian
  2226 | D:4      | Noticed a phantom
  2249 | D:3      | Killed a phantom
  2250 | D:3      | Reached XP level 6. HP: 42/49 MP: 2/8
  2375 | D:4      | Noticed Natasha
  2397 | D:4      | Killed Natasha
  2398 | D:4      | Reached XP level 7. HP: 27/55 MP: 2/10
  2546 | D:4      | Noticed Natasha
  2561 | D:4      | Gained mutation: Your system is resistant to poisons.
                  | (rPois) [potion of mutation]
  2561 | D:4      | Gained mutation: You have large cloven feet. [potion of
                  | mutation]
  2562 | D:4      | HP: 1/55 [cerulean imp/+1 spear[Natasha] (3)]
  2563 | D:4      | Killed from afar by Natasha

Illustrated notes

Levels and vault maps discovered:
D:1:      minmay_arrival_solitary_statue, layout_rooms
D:2:      layout_rooms, uniq_robin
D:3:      layout_basic, nicolae_hepliaklqana_hippocampus,
          chequers_ecumenical_altar_grove
D:4:      minmay_evil_eye, layout_rooms, serial_undead, serial_undead_f,
          serial_undead_b, serial_undead_c, serial_undead_a, uniq_natasha

Skill      XL: |  1  2  3  4  5  6 |
---------------+-------------------+-----
Fighting       | 4 |  4.7
Armour         | 4 |  4.7
Shields        | 5 |  5.8
Spellcasting   | 1 2 |  2.1
Hexes          | 1 2 |  2.5
Short Blades   | |  0.1
Staves         | |  2.8

Action                     |  1- 3 |  4- 6 |  7- 9 || total
---------------------------+-------+-------+-------++-------
  Melee: Quarterstaff      |   108 |    16 |       ||   124
         Dagger            |       |   141 |    18 ||   159
Ability: Dig               |     1 |       |       ||     1
         Lunge             |       |     2 |     1 ||     3
         Whirlwind         |       |    20 |     2 ||    22
    Use: Potion            |       |       |     4 ||     4
 Armour: Scale mail        |    86 |    96 |    21 ||   203
  Dodge: Dodged            |    46 |    66 |     6 ||   118
  Block: Buckler           |    25 |    45 |     6 ||    76
